 Dungeon Crawl Stone Soup version 0.23.2-11-gf996548 (webtiles) character file.

Game seed: 13240751309413989220

603750 Fang the Slayer (level 27, -27/192 HPs)
             Began as a Gargoyle Berserker on June 5, 2019.
             Was the Champion of Trog.
             Annihilated by an Orb Guardian (34 damage)
             ... on level 5 of the Realm of Zot on June 6, 2019.
             The game lasted 01:58:28 (71720 turns).

Fang the Slayer (Gargoyle Berserker)               Turns: 71720, Time: 01:58:29

Health: -27/192    AC: 63    Str: 31    XL:     27
Magic:  23/23      EV: 16    Int: 13    God:    Trog [******]
Gold:   5501       SH:  4    Dex:  7    Spells: 26/26 levels left

rFire    + + +     SeeInvis .   j - +7 executioner's axe (flame)
rCold    + + .     Gourm    .   (shield currently unavailable)
rNeg     + . .     Faith    .   b - +2 gold dragon scales
rPois    ∞         Spirit   .   X - +2 helmet of Henotheism {rF++ Regen+}
rElec    +         Reflect  +   k - +2 cloak "Anuott" {+Inv rF+ Slay+2}
rCorr    .         Harm     .   (no gloves)
MR       +++++     Rnd*Tele +   F - +2 pair of boots
Stlth    ..........             K - amulet of Erelisheill {Reflect MR++ SH+4}
HPRegen  1.82/turn              m - +3 ring of protection
MPRegen  0.18/turn              A - +2 ring of evasion

@: about to teleport, flying, regenerating
A: big wings, blurry vision 1, clever 1, clumsy 1, cold resistance 1, fire
resistance 1, negative energy resistance 1, electricity resistance, teleportitis
1, unbreathing, petrification resistance, rot immunity, AC +20
}: 3/15 runes: serpentine, barnacled, silver
a: Stop Flying, Berserk, Trog's Hand, Brothers in Arms, Renounce Religion, Evoke
Invisibility


You were on level 5 of the Realm of Zot.
You worshipped Trog.
Trog was exalted by your worship.
You were very hungry.

You visited 12 branches of the dungeon, and saw 52 of its levels.
You visited the Abyss 3 times.
You visited 1 ziggurat, and saw 4 of its levels.
You also visited: Trove, Sewer, Ossuary and Wizlab.

You collected 6556 gold pieces.
You spent 1055 gold pieces at shops.

Inventory:

Hand Weapons
 j - a +7 executioner's axe of flaming (weapon)
 I - the +11 battleaxe of Imomatue {freeze, rPois Dex+5 SInv}
   (Trog gifted it to you on level 3 of the Depths)

   It has been specially enchanted to freeze those struck by it, causing extra
   injury to most foes and up to half again as much damage against particularly
   susceptible opponents.
   It can also slow down cold-blooded creatures.
   It affects your dexterity (+5).
   It protects you from poison.
   It lets you see invisible.
 L - the +3 battleaxe "Waxom" {chop, -Tele rPois rF++ Str+10}
   (You bought it in a shop on level 11 of the Dungeon)

   It inflicts extra damage upon your enemies.
   It affects your strength (+10).
   It greatly protects you from fire.
   It protects you from poison.
   It prevents most forms of teleportation.
 O - a +9 antimagic executioner's axe
 R - the +4 battleaxe "Kacwoc" {speed, rElec rF+ rN+ MP-9}
   (Trog gifted it to you on level 1 of the Depths)

   Attacks with this weapon are significantly faster.
   It protects you from fire.
   It insulates you from electricity.
   It protects you from negative energy.
   It affects your magic capacity (-9).
 Y - a +1 war axe of holy wrath
Armour
 b - +2 gold dragon scales (worn)
 h - the +0 fire dragon scales of Dramatic Exits {rF++ rC- rN++}
   (You found it in a treasure trove)

   It greatly protects you from fire.
   It makes you vulnerable to cold.
   It greatly protects you from negative energy.
 k - the +2 cloak "Anuott" (worn) {+Inv rF+ Slay+2}
   (You found it in a treasure trove)

   It affects your accuracy and damage with ranged weapons and melee attacks
   (+2).
   It protects you from fire.
   It lets you turn invisible.
 q - the +6 chain mail of Impatience {rPois rF+ Str+5}
   (You found it in a treasure trove)

   It affects your strength (+5).
   It protects you from fire.
   It protects you from poison.
 F - a +2 pair of boots (worn)
 X - the +2 helmet of Henotheism (worn) {rF++ Regen+}
   (You found it on level 2 of the Realm of Zot)

   It greatly protects you from fire.
   It increases your rate of regeneration.
Jewellery
 f - an uncursed ring of resist corrosion
 i - the amulet of Vutaig {Gourm rC+ MP-9 Dex+6}
   (You found it in a treasure trove)

   [amulet of the gourmand]

   It allows you to eat raw meat even when not hungry.
   It affects your dexterity (+6).
   It protects you from cold.
   It affects your magic capacity (-9).
 l - the ring "Ybocirgho" {rN+ Dex+4}
   (You found it in a treasure trove)

   [ring of positive energy]

   It affects your dexterity (+4).
   It protects you from negative energy.
 m - a +3 ring of protection (left hand)
 p - the amulet of Faaz {Acrobat rC+ Int-5 Dex+4 SInv}
   (You found it in a treasure trove)

   [amulet of the acrobat]

   It helps you evade while moving and waiting.
   It affects your intelligence (-5).
   It affects your dexterity (+4).
   It protects you from cold.
   It lets you see invisible.
 z - the ring of Fuirchus {Fire +Inv SInv}
   (You found it on level 4 of the Shoals)

   [ring of fire]

   It enhances your fire magic.
   It protects you from fire.
   It makes you vulnerable to cold.
   It lets you see invisible.
   It lets you turn invisible.
 A - a +2 ring of evasion (right hand)
 H - the ring "Nengeown" {rF++ SInv}
   (You found it on level 2 of the Vaults)

   [ring of see invisible]

   It greatly protects you from fire.
   It lets you see invisible.
 K - the amulet of Erelisheill (around neck) {Reflect MR++ SH+4}
   (You found it on level 1 of the Lair of Beasts)

   [amulet of reflection]

   It shields you and reflects attacks.
   It affects your resistance to hostile enchantments.
   It affects your SH (+4).
 P - the amulet "Ucabiadd" {RegenMP *Drain rN+ Int+4 SInv}
   (You found it on level 2 of the Depths)

   [amulet of magic regeneration]

   It increases your magic regeneration.
   It affects your intelligence (+4).
   It protects you from negative energy.
   It lets you see invisible.
   It causes draining when unequipped.
Wands
 d - a wand of paralysis (89)
 e - a wand of scattershot (10)
 g - a wand of clouds (9)
 o - a wand of digging (3)
 u - a wand of iceblast (48)
 v - a wand of acid (17)
 y - a wand of polymorph (26)
 G - a wand of disintegration (53)
 M - a wand of flame (74)
 N - a wand of random effects (61)
 Q - a wand of enslavement (21)
Scrolls
 a - a scroll of silence
 n - 4 scrolls of blinking
 r - 10 scrolls of identify
 s - 10 scrolls of magic mapping
 w - 13 scrolls of fear
 x - 6 scrolls of fog
 B - 26 scrolls of remove curse
 C - 12 scrolls of teleportation
 D - a scroll of holy word
 J - 4 scrolls of summoning
Potions
 S - 7 potions of ambrosia
 T - 4 potions of cancellation
 U - 11 potions of curing
 V - 18 potions of haste
 W - a potion of heal wounds
 Z - 2 potions of resistance
Miscellaneous
 t - the horn of Geryon
Comestibles
 c - 44 rations
 E - 13 chunks of flesh


   Skills:
 + Level 24.7 Fighting
 + Level 21.5 Axes
 + Level 24.6 Armour
 + Level 20.0 Dodging


You had 26 spell levels left.
You didn't know any spells.
Your spell library was empty.

Dungeon Overview and Level Annotations

Branches:
Dungeon (15/15)            Temple (1/1) D:7            Lair (6/6) D:11
 Shoals (4/4) Lair:3        Snake (4/4) Lair:3        Slime (0/5) Lair:5
    Orc (2/2) D:11            Elf (3/3) Orc:2        Vaults (5/5) D:13
  Crypt (1/3) Vaults:3     Depths (5/5) D:15           Hell (1/1)
    Dis (0/7) Hell            Geh (0/7) Hell            Coc (0/7) Hell
    Tar (0/7) Hell            Zot (5/5) Depths:5

Altars:
Ashenzari
Dithmenos
Fedhas
Gozag
Makhleb
Nemelex Xobeh
Qazlal
Ru
Trog
Wu Jian
Xom
The Shining One
Beogh
Jiyva

Shops:
D:4 ?   D:7 :=*   D:10 !   D:11 *[(   D:12 :   Orc:2 [!!?   Elf:1 *   Elf:2 !
Shoals:2 ?   Snake:1 ==}   Snake:3 *   Depths:1 :!%*

Portals:
Hell: Depths:1 Depths:2 Depths:3 Depths:4
Abyss: Depths:2 Depths:4
Pandemonium: Depths:3

Annotations:
D:12 exclusion: obsidian statue
Lair:6 exclusion: oklob plant
Elf:2 3 runed translucent doors
Zot:5 1 runed translucent door


Innate Abilities, Weirdness & Mutations

You are resistant to torment.
Your stone body is resilient. (AC +20)
You are immune to poison.
Your large and strong wings let you fly indefinitely.
You resist negative energy. (rN+)
You are resistant to electric shocks. (rElec)
You can survive without breathing.
You are immune to petrification.
You are immune to rotting.
Scrolls take you a little longer to read.
Your mind is acute. (Int +2)
You are clumsy. (Dex -2)
Your flesh is cold resistant. (rC+)
Your flesh is heat resistant. (rF+)
You are occasionally teleported next to monsters.


Message History

* * * LOW HITPOINT WARNING * * *
The purple draconian hits you but does no damage.
You hear some strange, mumbled words.
You hear a roar!
You barely miss the shadow dragon.
You barely miss the purple draconian knight.
You miss the black draconian shifter. You slice the orb of fire!!
You hit the orb of fire. You slice the Orb Guardian!!
You burn the Orb Guardian.
The Orb Guardian hits you but does no damage.
The purple draconian knight hits you but does no damage.
You block the Orb Guardian's attack.
The shadow dragon bites you but does no damage.
The shadow dragon claws you but does no damage. x2
The orb of fire glows yellow.
The bolt of fire hits you! You resist.
* * * LOW HITPOINT WARNING * * *
Your skin crawls.
You feel resistant to hostile enchantments.
You feel somewhat more hungry. The Orb Guardian hits you!!
You die...

...##......####....# D8
#...#.....## ###..#####+
##.......## #..........
##.....#######.[.#^...^.
##...)...........1..^.^.^
..........)†...dd..^...^.
...........§..X{ddd......
..........)..§X*qq.......
......[......yX*@Ddq.....
..............§X.........
....................q...§
.......######...######.##
<......# ##### # ###


You could see 2 orbs of fire, a Hell Sentinel, a shadow dragon, a purple
draconian knight, 2 draconians, 2 draconians, 2 draconians, a black draconian
shifter, a black draconian stormcaller, 4 Orb Guardians, a yellow draconian
annihilator and a moth of wrath.

Vanquished Creatures
  Mara (Vaults:4)
  2 ancient liches (Vaults:4)
  2 juggernauts
  Mennas (Depths:4)
  Sojobo (Vaults:4)
  The ghost of sanboga the Axe Maniac, a master GrBe of Trog (Zot:2)
  Bai Suzhen (Depths:2)
  Geryon (Hell)
  8 golden dragons
  Jory (Vaults:4)
  2 bone dragons
  A hellephant (Abyss:2)
  An electric golem (Zot:2)
  15 tentacled monstrosities
  4 liches
  6 Orb Guardians (Zot:5)
  3 titans
  5 death cobs
  8 quicksilver dragons
  3 tentacled starspawn
  9 sphinxes
  2 krakens
  2 ancient champions
  15 storm dragons
  4 tengu reavers
  5 shadow dragons
  Kirke (D:14)
  6 nagarajas (Snake:4)
  3 draconian monks
  5 fire giants
  A revenant (Abyss:1)
  7 frost giants
  4 iron dragons
  A cacodemon (Depths:2)
  4 balrugs
  An orc warlord (Orc:2)
  2 draconian knights
  4 vault wardens
  A ghost moth (Zot:3)
  7 draconian shifters
  2 draconian stormcallers
  A deep elf sorcerer (Elf:1)
  2 emperor scorpions
  A spriggan defender (Depths:3)
  3 draconian annihilators
  A deep elf elementalist (Elf:1)
  27 very ugly things
  14 ironheart preservers
  3 war gargoyles
  6 reapers (Hell)
  21 stone giants
  6 vampire knights
  6 green draconians
  A lorocyproca (Abyss:2)
  8 black draconians
  5 red draconians
  8 yellow draconians
  4 deep elf demonologists
  4 purple draconians
  A deep elf annihilator (Vaults:4)
  9 spark wasps
  5 white draconians
  7 ettins
  A green death (Depths:2)
  4 merfolk javelineers
  Josephine (D:11)
  4 blizzard demons
  6 merfolk impalers
  12 fire dragons
  2 spectral quicksilver dragons (Zot:2)
  7 yaktaur captains
  9 great orbs of eyes
  2 deep elf high priests
  Erolcha (D:9)
  Harold (D:9)
  15 ogre magi
  7 hydras
  9 ice dragons
  5 rakshasas
  25 naga warriors
  A ghost crab (WizLab)
  7 merfolk avatars
  34 vault guards
  An alligator snapping turtle (Shoals:4)
  16 anacondas
  A catoblepas (Depths:3)
  3 spriggan air magi
  8 merfolk aquamancers
  2 death knights
  3 satyrs
  5 centaur warriors
  A two-headed ogre (shapeshifter) (Vaults:5)
  45 two-headed ogres
  9 dancing weapons
  10 death yaks
  4 tengu warriors
  3 hell hogs (Abyss:1)
  11 deep troll shamans
  9 thrashing horrors
  11 naga sharpshooters
  12 deep troll earth magi
  A storm dragon zombie (Vaults:3)
  Urug (D:11)
  6 spriggan berserkers
  3 orc high priests (Orc:2)
  6 soul eaters
  26 hell knights
  2 titan skeletons
  A vampire mage (Abyss:2)
  9 shock serpents
  8 deep elf knights
  4 spriggans (Depths:4)
  A spectral purple draconian (Zot:2)
  13 sun demons
  5 wretched stars
  7 salamander mystics
  A death drake (WizLab)
  7 iron trolls
  A spark wasp zombie (Depths:4)
  A shadow wraith (Vaults:4)
  32 skeletal warriors
  A sea snake (shapeshifter) (Vaults:5)
  5 unseen horrors
  A golden dragon zombie (Abyss:2)
  A death drake (shapeshifter) (Vaults:5)
  2 wizards
  12 glowing orange brains
  7 naga ritualists
  8 sea snakes
  27 deep trolls
  A quicksilver dragon simulacrum (Zot:2)
  3 flayed ghosts
  11 deep elf archers
  A lindwurm (shapeshifter) (Vaults:5)
  3 shadow dragon zombies
  15 orc knights
  3 phantasmal warriors
  14 harpies
  13 ironbrand convokers
  2 anaconda skeletons (Hell)
  11 necromancers
  A wolf spider zombie (D:15)
  4 lindwurms (Snake:4)
  7 orc sorcerers
  13 manticores
  An orb spider (Zig:3)
  A wolf spider (Vaults:3)
  14 mana vipers
  A frost giant zombie (Depths:2)
  2 wolf spiders (shapeshifter)
  53 deep elf magi
  13 fauns
  9 salamanders
  10 cyclopes
  35 ugly things
  A shining eye (shapeshifter) (Vaults:5)
  An oklob plant (Lair:5)
  5 human skeletons
  A worldbinder (Abyss:2)
  14 elephants
  An apocalypse crab (Abyss:1)
  14 guardian serpents
  17 moths of wrath
  2 frost giant skeletons
  A sphinx skeleton (Vaults:3)
  5 merfolk sirens
  A fire giant skeleton (Vaults:3)
  3 water nymphs
  2 stone giant skeletons (Vaults:3)
  27 black mambas
  4 rust devils (Hell)
  14 vault sentinels
  Joseph (Lair:1)
  19 naga magi
  A water nymph (shapeshifter) (Elf:1)
  9 smoke demons
  An eye of devastation (shapeshifter) (Vaults:4)
  24 spiny frogs
  4 orange demons
  2 hellions
  A gargoyle (D:14)
  A storm dragon simulacrum (Zot:2)
  A torpor snail (Zig:3)
  6 kobold demonologists
  7 komodo dragons
  A yaktaur (shapeshifter) (Depths:3)
  An efreet (Abyss:1)
  A rime drake (Lair:3)
  3 ice devils
  3 demonic crawlers
  6 freezing wraiths
  29 yaktaurs
  A golden dragon simulacrum (Zot:2)
  An elf skeleton (Depths:4)
  2 guardian mummies
  An ancient zyme (Abyss:2)
  A queen bee (Lair:3)
  3 tengu conjurers
  32 merfolk
  A spectral moth of wrath (Zot:2)
  3 hellwings
  3 red devils (Hell)
  5 trolls
  A wolf spider simulacrum (D:15)
  3 tyrant leeches (Lair:6)
  3 polar bears
  A hydra skeleton (Hell)
  3 raiju (Abyss:2)
  An ice dragon zombie (Hell)
  9 hornets
  18 hippogriffs
  6 wind drakes
  16 slime creatures
  11 snapping turtles
  A hippogriff (shapeshifter) (Depths:2)
  11 dream sheep
  21 blink frogs
  3 draconian simulacra (Zot:2)
  A spriggan (shapeshifter) (Depths:1)
  13 starcursed masses
  54 water elementals
  A flying skull (Zig:1)
  A satyr skeleton (Crypt:1)
  2 ettin skeletons
  2 spriggan skeletons (Depths:2)
  7 wraiths
  A vampire (Abyss:2)
  7 basilisks
  5 wyverns
  5 ynoxinuls
  11 fire elementals
  6 humans
  56 yaks
  6 hogs
  3 air elementals (WizLab)
  A steam dragon (Lair:3)
  2 neqoxecs
  Grum (D:8)
  A black draconian simulacrum (Zot:2)
  13 small abominations
  Edmund (D:5)
  A fire bat (shapeshifter) (Vaults:3)
  A yaktaur simulacrum (Vaults:3)
  11 vampire mosquitoes
  A chaos spawn (Abyss:1)
  A human simulacrum (Vaults:1)
  6 insubstantial wisps
  9 large abominations
  3 wargs
  38 nagas
  2 acid dragons (D:11)
  A hydra simulacrum (Hell)
  A soldier ant (D:15)
  A deep troll skeleton (Vaults:3)
  6 hell hounds
  15 water moccasins
  A soldier ant (shapeshifter) (Elf:2)
  A spiny frog zombie (Hell)
  4 moth of wrath simulacra (Zot:2)
  9 porcupines
  A swamp dragon zombie (Hell)
  An eye of draining (Abyss:2)
  A swamp drake (Lair:6)
  3 sky beasts
  An ice beast (shapeshifter) (Depths:2)
  33 orc warriors
  5 ice beasts
  32 ogres
  6 phantoms
  2 black bears
  A necrophage (D:9)
  10 wolves
  6 boggarts (Depths:2)
  10 centaurs
  A snapping turtle skeleton (Hell)
  8 crocodiles
  2 big kobolds (D:12)
  3 elf zombies (Ossuary)
  Blork the orc (D:6)
  27 bullfrogs
  A deep troll simulacrum (Vaults:3)
  3 earth elementals
  A wyvern zombie (D:13)
  A wyvern skeleton (D:14)
  3 scorpions
  38 killer bees
  16 wights
  3 electric eels
  4 centaur zombies
  A howler monkey (D:4)
  A human zombie (Ossuary)
  A bullfrog zombie (D:8)
  6 crimson imps
  8 quasits
  8 hounds
  4 jellies
  26 orc priests
  4 centaur skeletons
  16 orc wizards
  A gnoll shaman (D:7)
  3 iron imps
  5 bullfrog skeletons
  4 iguanas
  A hell rat (Lair:3)
  Natasha (D:2)
  8 worker ants
  A killer bee zombie (D:7)
  3 big kobold zombies (Ossuary)
  A hound zombie (D:10)
  A killer bee simulacrum (D:8)
  4 mummies
  17 adders
  4 gnolls (D:7)
  6 river rats (Sewer)
  A hound simulacrum (D:8)
  3 shadow imps
  2 white imps (Abyss:2)
  4 ufetubi
  3 oozes
  7 adder zombies
  An adder skeleton (D:4)
  A worm (D:3)
  3 dart slugs
  6 leopard geckos
  71 orcs
  8 giant cockroaches
  2 gnoll zombies (Ossuary)
  10 goblins
  10 hobgoblins
  4 jackals
  11 kobolds
  7 quokkas
  12 ball pythons (Sewer)
  6 bats
  8 frilled lizards
  3 goblin zombies (Ossuary)
  5 hobgoblin zombies (Ossuary)
  A jackal simulacrum (D:8)
  3 jackal zombies (Ossuary)
  3 kobold zombies (Ossuary)
  A leopard gecko skeleton (D:4)
  A quokka simulacrum (D:8)
  A quokka skeleton (D:4)
  A quokka zombie (Ossuary)
  25 rats
  4 rat zombies (Ossuary)
  2 crawling corpses
  6 fungi
  23 plants
  5 starspawn tentacles
  3 tentacles
2376 creatures vanquished.

Vanquished Creatures (collateral kills)
  A tengu reaver (Vaults:4)
  A very ugly thing (Vaults:2)
  An entropy weaver (Vaults:2)
  A white draconian (Zot:5)
  A red draconian (Zot:4)
  A hydra (D:11)
  An anaconda (Snake:4)
  A shock serpent (Snake:4)
  Sonja (Lair:6)
  A phantasmal warrior (Vaults:4)
  An ugly thing (Vaults:2)
  2 tarantellas (Vaults:2)
  A redback (Vaults:2)
14 creatures vanquished.

Vanquished Creatures (others)
  A tengu reaver (Vaults:4)
  A deep elf high priest (Vaults:5)
  A ghost crab (WizLab)
  2 naga sharpshooters (Snake:4)
  A shock serpent (WizLab)
  A skeletal warrior (Vaults:3)
  A salamander mystic (Snake:1)
  A deep elf archer (Vaults:5)
  An orange demon (Depths:2)
  2 yaktaurs
  3 air elementals
  2 ogres
  A big kobold (D:12)
  An ufetubus (Abyss:2)
  An orc (Orc:1)
  2 bushes (Lair:2)
  8 fungi
  2 lurking horrors (Abyss:2)
  55 plants
  2 starspawn tentacles
  5 tentacles
94 creatures vanquished.

Grand Total: 2484 creatures vanquished

Notes
Turn   | Place    | Note
-------+----------+-------------------------------------------
     0 | D:1      | Fang the Gargoyle Berserker began the quest for the Orb.
     0 | D:1      | Reached XP level 1. HP: 14/14 MP: 1/1
   162 | D:1      | Reached XP level 2. HP: 15/19 MP: 2/2
   607 | D:1      | Reached XP level 3. HP: 23/24 MP: 3/3
   681 | D:1      | Reached ** piety under Trog
   791 | D:2      | Noticed a phantom
   811 | D:2      | Killed a phantom
   811 | D:2      | Reached XP level 4. HP: 16/29 MP: 4/4
   886 | D:2      | Noticed Natasha
   895 | D:2      | Reached XP level 5. HP: 21/33 MP: 5/5
   899 | D:2      | Killed Natasha
  1838 | D:3      | Found a shadowy altar of Dithmenos.
  2049 | D:4      | Reached XP level 6. HP: 21/39 MP: 6/6
  2205 | D:4      | Found Wydexzoy's Magic Scroll Boutique.
  2399 | D:4      | Found a glowing drain.
  2422 | D:4      | Reached *** piety under Trog
  2447 | Sewer    | Entered a sewer
  2623 | Sewer    | Reached skill level 5 in Fighting
  2841 | Sewer    | Reached XP level 7. HP: 31/44 MP: 7/7
  2909 | Sewer    | Reached **** piety under Trog
  3507 | D:5      | Entered Level 5 of the Dungeon
  3529 | D:5      | Noticed Edmund
  3554 | D:5      | Killed Edmund
  3554 | D:5      | Reached skill level 5 in Armour
  3623 | D:5      | Reached XP level 8. HP: 29/51 MP: 8/8
  3895 | D:5      | Reached skill level 5 in Axes
  3994 | D:5      | Found a sacrificial altar of Ru.
  4261 | D:6      | Noticed Blork the orc
  4271 | D:6      | Killed Blork the orc
  4841 | D:7      | Found Vizoohy's General Store.
  4900 | D:7      | Reached XP level 9. HP: 52/57 MP: 9/9
  4901 | D:7      | Found Gebirgh's Jewellery Shoppe.
  4906 | D:7      | Reached skill level 5 in Dodging
  5386 | D:7      | Found a glowing golden altar of the Shining One.
  5386 | D:7      | Found a shattered altar of Ashenzari.
  5518 | D:7      | Found Otamyar's Book Shoppe.
  5755 | D:7      | Reached XP level 10. HP: 48/64 MP: 10/10
  5767 | D:7      | Found a staircase to the Ecumenical Temple.
  5776 | Temple   | Entered the Ecumenical Temple
  5836 | D:8      | Reached ***** piety under Trog
  6106 | D:8      | Found a sand-covered staircase.
  6131 | Ossuary  | Entered an ossuary
  6472 | D:8      | Noticed a two-headed ogre
  6484 | D:8      | Noticed Grum
  6486 | D:8      | Killed a two-headed ogre
  6486 | D:8      | Received a gift from Trog
  6584 | D:8      | Killed Grum
  6719 | D:8      | Found a burning altar of Makhleb.
  6719 | D:8      | Found an ornate altar of the Wu Jian Council.
  6719 | D:8      | Found a stormy altar of Qazlal.
  6731 | D:8      | Found a sacrificial altar of Ru.
  6735 | D:8      | Found an opulent altar of Gozag.
  6785 | D:8      | Reached XP level 11. HP: 71/71 MP: 11/11
  7032 | D:9      | Noticed Harold
  7040 | D:9      | Paralysed by Harold for 7 turns
  7046 | D:9      | Noticed Erolcha
  7053 | D:9      | Killed Harold
  7053 | D:9      | Reached skill level 10 in Fighting
  7059 | D:9      | Killed Erolcha
  8140 | D:10     | Entered Level 10 of the Dungeon
  8140 | D:10     | Found Dougic's Distillery.
  8150 | D:10     | Reached skill level 10 in Armour
  8190 | D:10     | Killed an unseen horror
  8780 | D:10     | Found a portal to a secret trove of treasure.
  8790 | D:10     | Received a gift from Trog
  9152 | D:11     | Found Ifei's Armour Shoppe.
  9152 | D:11     | Noticed Urug
  9154 | D:11     | Found a staircase to the Orcish Mines.
  9157 | D:11     | Found Hoppuq's Weapon Shoppe.
  9164 | D:11     | Noticed a cyclops
  9167 | D:11     | Killed Urug
  9284 | D:11     | Killed a cyclops
  9284 | D:11     | Reached XP level 12. HP: 79/79 MP: 12/12
  9772 | D:11     | Found Fiutt's Assorted Antiques.
  9786 | D:11     | Noticed a two-headed ogre
  9795 | D:11     | Killed a two-headed ogre
  9822 | D:11     | You fall through a shaft!
  9841 | D:12     | Found Gine's Book Shop.
  9952 | D:12     | Found a shimmering altar of Xom.
  9962 | D:12     | Noticed a death knight
  9963 | D:12     | Found a shimmering altar of Xom.
  9963 | D:12     | Found a shimmering altar of Xom.
  9974 | D:12     | Killed a death knight
 10188 | D:11     | Noticed a seven-headed hydra
 10211 | D:11     | Killed a 14-headed hydra
 10666 | D:11     | Found a staircase to the Lair.
 10802 | D:11     | Noticed Josephine
 10812 | D:11     | Killed Josephine
 10812 | D:11     | Reached skill level 10 in Axes
 10879 | D:11     | You fall through a shaft for 2 floors!
 10949 | D:13     | Noticed a two-headed ogre
 10956 | D:13     | Killed a two-headed ogre
 11218 | D:13     | Noticed a centaur warrior
 11226 | D:13     | Killed a centaur warrior
 11226 | D:13     | Reached XP level 13. HP: 47/86 MP: 13/13
 11573 | D:13     | Received a gift from Trog
 11633 | D:13     | Noticed a vault guard
 11634 | D:13     | Noticed a vault guard
 11635 | D:13     | Noticed a vault guard
 11635 | D:13     | Noticed a vault guard
 11635 | D:13     | Noticed a vault guard
 11636 | D:13     | Found a gate to the Vaults.
 11636 | D:13     | Noticed a vault guard
 11636 | D:13     | Noticed a vault guard
 11636 | D:13     | Noticed a vault guard
 11639 | D:13     | Killed a vault guard
 11677 | D:12     | Killed a vault guard
 11723 | D:12     | Gained mutation: Your mind is acute. (Int +2) [a neqoxec]
 12153 | D:12     | Identified 2 scrolls of acquirement
 12156 | D:12     | Got a warped executioner's axe
 12157 | D:12     | Identified the +1 executioner's axe "Muorroz" {antimagic,
                  | rC+} (You acquired it on level 12 of the Dungeon)
 12161 | D:12     | Got a dazzling battleaxe
 12162 | D:12     | Identified the +1 battleaxe of Offence {chop, rElec rN+}
                  | (You acquired it on level 12 of the Dungeon)
 12204 | D:12     | Found a shimmering altar of Xom.
 12368 | D:11     | Bought an iridescent battleaxe for 299 gold pieces
 12368 | D:11     | Identified the cursed +3 battleaxe "Waxom" {chop, -Tele
                  | rPois rF++ Str+10} (You bought it in a shop on level 11 of
                  | the Dungeon)
 13040 | Lair:1   | Entered Level 1 of the Lair of Beasts
 13041 | Lair:1   | Noticed Joseph
 13057 | Lair:1   | Killed Joseph
 13182 | Lair:1   | Reached skill level 10 in Dodging
 13826 | Lair:1   | Got a translucent brass amulet
 13930 | Lair:2   | Identified the amulet of Erelisheill {Reflect MR++ SH+4}
                  | (You found it on level 1 of the Lair of Beasts)
 14200 | Lair:2   | Gained mutation: Your large and strong wings let you fly
                  | indefinitely. [Gargoyle growth]
 14200 | Lair:2   | Reached XP level 14. HP: 92/94 MP: 14/14
 14972 | Lair:3   | Reached ****** piety under Trog
 14999 | Lair:3   | Found a staircase to the Snake Pit.
 15002 | Lair:3   | Received a gift from Trog
 15470 | Lair:3   | Found a staircase to the Shoals.
 16088 | Shoals:1 | Entered Level 1 of the Shoals
 16851 | Lair:5   | Received a gift from Trog
 17373 | Lair:5   | Found a viscous altar of Jiyva.
 17374 | Lair:5   | Found a staircase to the Slime Pits.
 17416 | Lair:6   | Entered Level 6 of the Lair of Beasts
 17606 | Lair:6   | Reached XP level 15. HP: 77/100 MP: 15/15
 17694 | Lair:6   | Received a gift from Trog
 18032 | Lair:6   | Noticed Sonja
 18037 | Lair:6   | Killed Sonja
 19768 | D:14     | Noticed Kirke
 19785 | D:14     | Killed Kirke
 20024 | D:14     | Found a gate leading to a gauntlet.
 20223 | D:15     | Entered Level 15 of the Dungeon
 20249 | D:15     | Reached skill level 15 in Fighting
 20289 | D:15     | Reached skill level 15 in Armour
 20394 | D:15     | Found a blossoming altar of Fedhas.
 20423 | D:15     | Reached XP level 16. HP: 96/108 MP: 16/16
 21039 | D:15     | Found a staircase to the Depths.
 21277 | Orc:1    | Entered Level 1 of the Orcish Mines
 21444 | Orc:2    | Entered Level 2 of the Orcish Mines
 21515 | Orc:2    | Found a roughly hewn altar of Beogh.
 21587 | Orc:2    | Found a staircase to the Elven Halls.
 21671 | Orc:2    | Received a gift from Trog
 21969 | Orc:2    | Found Aqomikh's Magic Scroll Boutique.
 22267 | Orc:2    | Gained mutation: Your flesh is heat resistant. (rF+) [a
                  | neqoxec]
 22841 | Orc:2    | Found Xucwug's Antique Armour Boutique.
 22842 | Orc:2    | Found Rapson's Distillery.
 22849 | Orc:2    | Found Suengo Buer's Distillery.
 23011 | Orc:2    | Bought a potion of heal wounds for 60 gold pieces
 23158 | Snake:1  | Entered Level 1 of the Snake Pit
 24224 | Snake:1  | Found Maunut's Gadget Shoppe.
 24224 | Snake:1  | Found Qemao's Jewellery Boutique.
 24225 | Snake:1  | Found Unisoa's Jewellery Boutique.
 24627 | Snake:2  | Reached XP level 17. HP: 71/115 MP: 17/17
 25990 | Snake:3  | Received a gift from Trog
 26603 | Snake:3  | Found Puku's Assorted Antiques.
 26792 | Snake:4  | Entered Level 4 of the Snake Pit
 29041 | Snake:4  | Reached XP level 18. HP: 120/123 MP: 18/18
 29090 | Snake:4  | Received a gift from Trog
 29894 | Snake:4  | Reached skill level 15 in Axes
 30550 | Snake:4  | Got a serpentine rune of Zot
 30917 | D:10     | You paid a toll of 5 potions of resistance to enter a
                  | treasure trove
 30918 | Trove    | Entered a treasure trove
 30940 | Trove    | Got slimy fire dragon scales
 30943 | Trove    | Got a slimy ruby amulet
 30945 | Trove    | Got a scorched emerald amulet
 30947 | Trove    | Got an ichor-stained cloak
 30949 | Trove    | Got a scorched jade ring
 30956 | Trove    | Got a heavily runed golden amulet
 30958 | Trove    | Got a smelly chain mail
 30999 | D:10     | Identified the +2 cloak "Anuott" {+Inv rF+ Slay+2} (You
                  | found it in a treasure trove)
 31009 | D:10     | Identified the cursed +0 fire dragon scales of Dramatic
                  | Exits {rF++ rC- rN++} (You found it in a treasure trove)
 31027 | D:10     | Identified the +6 chain mail of Impatience {rPois rF+
                  | Str+5} (You found it in a treasure trove)
 31038 | D:10     | Identified the amulet of Vutaig {Gourm rC+ MP-9 Dex+6} (You
                  | found it in a treasure trove)
 31039 | D:10     | Identified the amulet of Bocla {Faith +Inv} (You found it
                  | in a treasure trove)
 31040 | D:10     | Identified the ring "Ybocirgho" {rN+ Dex+4} (You found it
                  | in a treasure trove)
 31041 | D:10     | Identified the amulet of Faaz {Acrobat rC+ Int-5 Dex+4
                  | SInv} (You found it in a treasure trove)
 31240 | Shoals:1 | Received a gift from Trog
 33458 | Shoals:2 | Found Ilibeol's Magic Scroll Shoppe.
 34084 | D:4      | Bought a scroll of enchant weapon for 97 gold pieces
 34084 | D:4      | Bought a scroll of enchant weapon for 97 gold pieces
 34084 | D:4      | Bought a scroll of enchant weapon for 97 gold pieces
 34714 | Shoals:2 | Reached XP level 19. HP: 130/130 MP: 19/19
 34869 | Shoals:3 | Received a gift from Trog
 34874 | Shoals:3 | Got an iridescent broad axe {god gift}
 34875 | Shoals:3 | Identified the +8 broad axe of the Establishment {chop, rF+
                  | rC+ Str+4} (Trog gifted it to you on level 3 of the Shoals)
 35661 | Shoals:4 | Entered Level 4 of the Shoals
 36180 | Orc:2    | Bought a scroll of enchant weapon for 135 gold pieces
 36425 | Shoals:4 | Received a gift from Trog
 36877 | Shoals:4 | Got a wavering turquoise ring
 37656 | Shoals:4 | Got a barnacled rune of Zot
 37873 | Vaults:1 | Entered Level 1 of the Vaults
 37949 | Vaults:1 | Received a gift from Trog
 37994 | Vaults:1 | Identified the ring of Fuirchus {Fire +Inv SInv} (You found
                  | it on level 4 of the Shoals)
 38141 | D:10     | Bought a potion of heal wounds for 55 gold pieces
 38141 | D:10     | Bought a potion of heal wounds for 55 gold pieces
 38737 | Vaults:1 | Reached XP level 20. HP: 117/137 MP: 20/20
 38747 | Vaults:1 | Reached skill level 15 in Dodging
 38967 | Vaults:1 | You are sucked into a shaft!
 39415 | Vaults:2 | Received a gift from Trog
 39818 | Vaults:2 | Got a slimy ivory ring
 39835 | Vaults:2 | Identified the ring "Nengeown" {rF++ SInv} (You found it on
                  | level 2 of the Vaults)
 41753 | Vaults:3 | Received a gift from Trog
 41950 | Vaults:3 | Found a staircase to the Crypt.
 42242 | Vaults:4 | Reached XP level 21. HP: 144/144 MP: 21/21
 42585 | Vaults:4 | Received a gift from Trog
 42985 | Vaults:4 | Noticed Sojobo
 43192 | Vaults:4 | Killed Sojobo
 43459 | Vaults:4 | Noticed Jory
 43476 | Vaults:4 | Killed Jory
 44453 | Vaults:5 | Entered Level 5 of the Vaults
 44500 | Vaults:5 | Noticed Mara
 44877 | Vaults:5 | Noticed an ancient lich
 44880 | Vaults:5 | Noticed Fang's illusion
 44882 | Vaults:5 | Received a gift from Trog
 45167 | Vaults:5 | Noticed an ancient lich
 45168 | Vaults:5 | Noticed Fang's illusion
 45176 | Vaults:4 | Noticed Fang's illusion
 45176 | Vaults:4 | Killed Mara
 45185 | Vaults:4 | Killed an ancient lich
 45185 | Vaults:4 | Reached XP level 22. HP: 31/152 MP: 22/22
 45803 | Vaults:4 | Killed an ancient lich
 46965 | Vaults:5 | Noticed a golden dragon
 46975 | Vaults:5 | Killed a golden dragon
 47190 | Vaults:5 | Noticed a golden dragon
 47203 | Vaults:5 | Killed a golden dragon
 47407 | Vaults:5 | Got a silver rune of Zot
 47458 | Vaults:5 | Received a gift from Trog
 48023 | Elf:1    | Entered Level 1 of the Elven Halls
 48506 | Elf:1    | Found Duydd's General Store.
 48929 | Elf:1    | Reached XP level 23. HP: 157/160 MP: 23/23
 49357 | Elf:2    | Found Boidaer's Distillery.
 49360 | Elf:2    | Received a gift from Trog
 49374 | Elf:2    | Bought a potion of heal wounds for 70 gold pieces
 49664 | Elf:2    | Found a runed translucent gate.
 49664 | Elf:2    | Found a runed translucent gate.
 49664 | Elf:2    | Found a runed translucent gate.
 49819 | Elf:3    | Entered Level 3 of the Elven Halls
 50239 | Crypt:1  | Entered Level 1 of the Crypt
 50623 | Depths:1 | Entered Level 1 of the Depths
 50635 | Depths:1 | Received a gift from Trog
 50649 | Depths:1 | Identified the +4 battleaxe "Kacwoc" {speed, rElec rF+ rN+
                  | MP-9} (Trog gifted it to you on level 1 of the Depths)
 50786 | Depths:1 | Found Magh's One-of-a-Kind Books.
 50858 | Depths:1 | Found Foro's General Store.
 50858 | Depths:1 | Found Caynij's Food Emporium.
 50862 | Depths:1 | Found Arounuet's Distillery.
 50870 | Depths:1 | Bought a potion of heal wounds for 90 gold pieces
 51096 | Depths:1 | Found a sparkling altar of Nemelex Xobeh.
 51129 | Depths:1 | Found a magical portal.
 51162 | WizLab   | Entered The Chambers of the Cloud Mage
 51399 | Depths:1 | Found a gateway to Hell.
 51564 | Hell     | Entered the Vestibule of Hell
 51564 | Hell     | Noticed Geryon
 51897 | Depths:2 | Received a gift from Trog
 52080 | Depths:2 | Found a one-way gate to the infinite horrors of the Abyss.
 52898 | Depths:2 | Received a gift from Trog
 53239 | Depths:2 | Found a burning altar of Makhleb.
 53239 | Depths:2 | Gained mutation: Your flesh is cold resistant. (rC+) [a
                  | cacodemon]
 53756 | Depths:2 | Identified the amulet "Ucabiadd" {RegenMP *Drain rN+ Int+4
                  | SInv} (You found it on level 2 of the Depths)
 53821 | Depths:2 | Found a runed translucent door.
 53822 | Depths:2 | Found a runed translucent door.
 54036 | Depths:2 | Gained mutation: Scrolls take you a little longer to read.
                  | [a neqoxec]
 54399 | Depths:3 | Reached XP level 24. HP: 165/168 MP: 23/23
 54400 | Depths:3 | Identified the +1 robe of the Foremost Hells {Int+4}
 54401 | Depths:3 | Noticed Bai Suzhen
 54405 | Depths:3 | Received a gift from Trog
 54830 | Depths:2 | Killed Bai Suzhen
 56329 | Depths:3 | Received a gift from Trog
 56332 | Depths:3 | Got an ichor-stained battleaxe {god gift}
 56335 | Depths:3 | Identified the +11 battleaxe of Imomatue {freeze, rPois
                  | Dex+5 SInv} (Trog gifted it to you on level 3 of the
                  | Depths)
 56650 | Depths:3 | Found a one-way gate leading to the halls of Pandemonium.
 56855 | Depths:3 | Found a gateway to a ziggurat.
 56883 | Zig:1    | Entered Level 1 of a ziggurat
 57000 | Zig:2    | Entered Level 2 of a ziggurat
 57063 | Zig:3    | Entered Level 3 of a ziggurat
 57131 | Zig:4    | Entered Level 4 of a ziggurat
 57133 | Zig:4    | Noticed a juggernaut
 57144 | Zig:4    | Killed a juggernaut
 57974 | Depths:4 | Received a gift from Trog
 58596 | Depths:4 | Reached XP level 25. HP: 172/175 MP: 23/23
 59482 | Depths:4 | Received a gift from Trog
 60579 | Depths:5 | Entered Level 5 of the Depths
 60993 | Depths:5 | Found a gate to the Realm of Zot.
 61045 | Zot:1    | Entered Level 1 of the Realm of Zot
 61669 | Depths:5 | Noticed a juggernaut
 61678 | Depths:5 | Killed a juggernaut
 61716 | Depths:5 | Noticed Mennas
 62262 | Depths:4 | Killed Mennas
 62509 | Depths:2 | Voluntarily entered the Abyss.
 62696 | Abyss:1  | Received a gift from Trog
 62716 | Abyss:1  | Reached XP level 26. HP: 154/183 MP: 23/23
 63107 | Depths:2 | Escaped the Abyss
 63452 | Hell     | Killed Geryon
 63458 | Hell     | Cast into level 2 of the Abyss (reaper)
 63645 | Abyss:2  | Received a gift from Trog
 63762 | Hell     | Escaped the Abyss
 64285 | Hell     | Cast into level 2 of the Abyss (reaper)
 64551 | Abyss:2  | Paralysed by accursed screaming for 1 turns
 64554 | Abyss:2  | Received a gift from Trog
 64603 | Hell     | Escaped the Abyss
 64610 | Hell     | Found a gateway to the Iron City of Dis.
 65419 | Hell     | Found a gateway to the freezing wastes of Cocytus.
 65590 | Hell     | Found a gateway to the decaying netherworld of Tartarus.
 65938 | Hell     | Found a gateway to the ashen valley of Gehenna.
 67844 | Zot:2    | Reached XP level 27. HP: 190/190 MP: 23/23
 68195 | Zot:2    | Received a gift from Trog
 68355 | Zot:2    | Found a runed translucent gate.
 68355 | Zot:2    | Found a runed translucent gate.
 68356 | Zot:2    | Found a runed translucent gate.
 68358 | Zot:2    | Noticed sanboga's ghost (master GrBe)
 68535 | Zot:2    | Killed sanboga's ghost
 68541 | Zot:2    | Got a distressingly furry helmet
 68552 | Zot:2    | Identified the +2 helmet of Henotheism {rF++ Regen+} (You
                  | found it on level 2 of the Realm of Zot)
 68567 | Zot:2    | Identified the Catalogue of Hurtful Curses
 71534 | Zot:5    | Entered Level 5 of the Realm of Zot
 71680 | Zot:5    | Found a runed translucent gate.
 71702 | Zot:5    | Noticed an orb of fire
 71705 | Zot:5    | Gained mutation: You are clumsy. (Dex -2) [an orb of fire]
 71705 | Zot:5    | Noticed an orb of fire
 71705 | Zot:5    | Noticed an ancient lich
 71712 | Zot:5    | Gained mutation: You are occasionally teleported next to
                  | monsters. [an orb of fire]
 71719 | Zot:5    | HP: 5/192 [orb of fire/bolt of fire (10)]
 71720 | Zot:5    | Annihilated by an Orb Guardian

Skill      XL: |  1  2  3  4  5  6  7  8  9 10 11 12 13 14 15 16 17 18 19 20 21 22 23 24 25 26 27 |
---------------+----------------------------------------------------------------------------------+-----
Axes           | 3 4 5 6 8 9 10 11 12 13 14 15 16 17 18 19 20 21 | 21.5
Fighting       | 4 5 7 8 9 10 12 13 14 15 16 17 18 19 20 21 22 23 24 | 24.7
Armour         | 3 4 5 6 7 9 10 11 12 14 15 16 17 18 19 20 21 22 23 24 | 24.6
Dodging        | 2 3 4 6 7 8 9 10 11 12 13 14 15 16 17 18 19 20 | 20.0

Action                   |  1- 3 |  4- 6 |  7- 9 | 10-12 | 13-15 | 16-18 | 19-21 | 22-24 | 25-27 || total
-------------------------+-------+-------+-------+-------+-------+-------+-------+-------+-------++-------
Melee: Hand axe          |    80 |   333 |   287 |       |       |       |       |       |       ||   700
       Unarmed           |       |       |    14 |       |       |       |       |       |       ||    14
       Battleaxe         |       |       |   148 |   595 |   990 |  1174 |       |       |       ||  2907
       War axe           |       |       |       |     8 |       |       |       |       |    40 ||    48
       Executioner's axe |       |       |       |       |       |   182 |   727 |  1169 |  1475 ||  3553
       Broad axe         |       |       |       |       |       |       |   400 |       |       ||   400
Invok: Berserk           |     1 |     1 |     7 |     9 |    11 |    13 |     7 |    14 |    12 ||    75
       Trog's Hand       |       |       |       |     2 |       |     2 |       |       |     5 ||     9
       Brothers in Arms  |       |       |       |     1 |     1 |     1 |     1 |     1 |     2 ||     7
 Abil: Fly               |       |       |       |       |     1 |       |       |       |       ||     1
  Use: Potion            |       |       |       |     2 |       |     8 |     2 |     2 |     7 ||    21
       Scroll            |       |       |       |    26 |    19 |    26 |    12 |    15 |    16 ||   114
 Stab: Confused          |       |       |       |       |     1 |       |       |       |       ||     1
  Eat: Chunk             |       |     9 |    17 |    22 |    31 |    40 |    35 |    28 |    35 ||   217
       Ration            |       |       |       |     2 |     3 |     6 |     2 |     8 |     7 ||    28
Armor: Chain mail        |    56 |   317 |   138 |       |       |   265 |   804 |   204 |       ||  1784
       Plate armour      |       |       |   430 |   842 |   823 |   846 |       |       |       ||  2941
       Gold dragon scale |       |       |       |       |       |       |       |  1224 |  1713 ||  2937
Dodge: Dodged            |    35 |   217 |   347 |   548 |   965 |  1152 |   985 |  1086 |  1389 ||  6724
Block: Other             |       |       |       |       |   155 |   275 |   194 |   287 |   312 ||  1223
       Reflection        |       |       |       |       |     2 |    29 |    17 |     6 |     4 ||    58
